 Dungeon Crawl Stone Soup version 0.30.1 (webtiles) character file.

Game seed: 16713281837575858784

8398 Babbit the Protected (level 11, -4/95 HPs)
             Began as a Minotaur Fighter on July 9, 2023.
             Was an Initiate of Ru.
             Slain by a wolf (9 damage)
             ... led by Grum
             ... on level 8 of the Dungeon.
             The game lasted 01:22:17 (6223 turns).

Babbit the Protected (Minotaur Fighter)             Turns: 6223, Time: 01:22:18

Health: -4/95      AC: 12    Str: 23    XL:     11   Next: 9%
Magic:  10/10      EV: 12    Int: 11    God:    Ru [......]
Gold:   549        SH: 10    Dex: 12    Spells: 10/10 levels left

rFire   + . .        y - +2 flail (holy)
rCold   . . .        m - +0 kite shield
rNeg    . . .        G - +1 ring mail {rPois}
rPois   +            (helmet restricted)
rElec   .            (no cloak)
rCorr   .            l - +0 pair of gloves
SInv    .            D - +1 pair of boots
Will    .....        i - amulet of faith
Stlth   +            u - ring of protection from fire
HPRegen 0.35/turn    N - +6 ring of intelligence
MPRegen 0.12/turn

%: faith
@: no status effects
A: horns 2, retaliatory headbutt
a: Renounce Religion, Sacrifice Health, Sacrifice Nimbleness, Sacrifice
Experience, Reject Sacrifices


You were on level 8 of the Dungeon.
You worshipped Ru.
Ru was noncommittal.
You visited 1 branch of the dungeon, and saw 8 of its levels.
You also visited: Ossuary.

You collected 679 gold pieces.
You spent 130 gold pieces at shops.

Inventory:

Hand Weapons
 o - a +3 dagger of venom
 p - a +2 heavy war axe
 y - a +2 flail of holy wrath (weapon)
Missiles
 A - 2 throwing nets
Armour
 l - a +0 pair of gloves (worn)
 m - a +0 kite shield (worn)
 D - a +1 pair of boots (worn)
 G - a +1 ring mail of poison resistance (worn)
Jewellery
 e - a ring of magical power
 i - an amulet of faith (around neck)
 u - a ring of protection from fire (left hand)
 B - a ring of wizardry
 N - a +6 ring of intelligence (right hand)
Wands
 b - a wand of polymorph (5) (quivered)
 j - a wand of digging (7)
Scrolls
 c - a scroll of torment {unknown}
 f - 2 scrolls of teleportation
 g - 2 scrolls of immolation {unknown}
 h - a scroll of amnesia
 q - a scroll of brand weapon {unknown}
 r - a scroll of magic mapping {unknown}
 t - 4 scrolls of enchant armour {unknown}
 v - a scroll of poison {unknown}
 C - a scroll of fog {unknown}
 J - a scroll of silence {unknown}
 M - a scroll of enchant weapon {unknown}
Potions
 a - 3 potions of flight
 d - a potion of might
 n - a potion of berserk rage {unknown}
 w - 2 potions of lignification
 z - a potion of cancellation {unknown}
 F - a potion of haste
 I - 4 potions of degeneration {unknown}
 K - a potion of mutation {unknown}
 L - a potion of attraction {unknown}


   Skills:
 + Level 8.7 Fighting
 + Level 8.5(9.6) Axes
 + Level 7.0(8.9) Maces & Flails
 + Level 3.0 Throwing
 + Level 10.1 Armour
 + Level 6.7 Dodging
 + Level 0.6 Stealth
 + Level 8.8 Shields
 + Level 3.9 Unarmed Combat
 + Level 3.5 Evocations


You had 10 spell levels left.
You didn't know any spells.
Your spell library contained the following spells:

 Spells                   Type           Power      Damage    Failure   Level
 Ensorcelled Hibernation  Hex/Ice        0%         N/A       82%         2
 Passwall                 Tmut/Erth      0%         N/A       82%         2
 Dazzling Flash           Conj/Hex       0%         N/A       96%         3
 Summon Guardian Golem    Hex/Summ       0%         N/A       96%         3
 Swiftness                Air            0%         N/A       96%         3
 Volatile Blastmotes      Fire/Tloc      0%         2d10      96%         3
 Iskenderun's Mystic Bla  Conj/Tloc      0%         2d3       100%        4
 Starburst                Conj/Fire      0%         6d3       100%        6
 Orb of Destruction       Conj           0%         9d5       100%        7
 Spellforged Servitor     Conj/Summ      0%         N/A       100%        7


Dungeon Overview and Level Annotations

Branches:
Dungeon (8/15)             Temple (0/1) D:6         Ossuary (visited)
   Lair: D:8-11

Altars:
Okawaru
Ru
Uskayaw
Vehumet
Xom
Yredelemnul

Shops:
D:3 [   D:6 *

Annotations:
D:3 exclusion: statue
D:8 Grum


Innate Abilities, Weirdness & Mutations

You have a pair of horns on your head.
You reflexively headbutt those who attack you in melee.


Message History

The wolf attacks as you move away! The wolf bites you. The wolf bites you!
Aiming: Polymorph
Press: ? - help, Q - select action, (/) - cycle Shift-Dir - straight line, f - wolf
Aim: a wolf (will become an iguana, a worm, or a bullfrog, chance to affect: 54%)
The wolf resists with significant effort.
The wolf bites you! The wolf closely misses you. You furiously retaliate!
You headbutt the wolf. The wolf bites you but does no damage.
You closely miss the wolf. Your headbutt misses the wolf.
The wolf is heavily wounded.
The wolf bites you but does no damage. You block the wolf's attack.
The wolf closely misses you. The wolf barely misses you. The wolf bites you.
The wolf barely misses you.
Grum hits you from afar with a +1 spear!
* * * LOW HITPOINT WARNING * * *
It was a potion of experience.
You feel more experienced!
Your Fighting skill increases to level 8!
Your base Maces & Flails skill gained 2 levels and is now at level 7!
Your Throwing skill gained 3 levels and is now at level 3!
Your Armour skill gained 2 levels and is now at level 10!
Your Dodging skill increases to level 6!
Your Shields skill increases to level 8!
Your Unarmed Combat skill gained 2 levels and is now at level 3!
Your Evocations skill increases to level 3!
You have reached level 11!
The wolf misses you. You block the wolf's attack. The wolf closely misses you.
The wolf bites you but does no damage. Grum misses you.
The wolf barely misses you. You furiously retaliate!
You headbutt the wolf!
You kill the wolf!
You block the wolf's attack. The wolf attacks as you move away!
You block the wolf's attack. The wolf bites you but does no damage.
Grum hits you from afar with a +1 spear!
* * * LOW HITPOINT WARNING * * *
The wolf bites you.
* * * LOW HITPOINT WARNING * * *
You closely miss the wolf.
The wolf is severely wounded.
You block the wolf's attack. The wolf closely misses you. The wolf bites you!
You die...

#....g...g. .....# #. #.....h....
.....+ #. #.....h.h.. .....# #.
##'##############.....##+####+##.
...........................>...<.
....†............................
................†................
..............ghh................
...[............@....>.........).
........).........#####..........
..................#...#..........
.###########......#...+..........
.# #....#......#...#.......... .#
#....'......#...########### .
#...)#......#..............
#....#......#..............
#....#......+..............


You could see Grum and 2 wolves.

Vanquished Creatures
  Pikel (D:8)
  Sigmund (D:3)
  2 steam dragons
  A water moccasin (D:5)
  A sky beast (D:7)
  2 black bears
  3 ice beasts
  6 ogres
  2 wolves (D:8)
  A centaur (D:8)
  2 phantoms
  3 lemures (D:8)
  3 gnoll sergeants
  6 bullfrogs
  2 elf skeletons (D:7)
  An elf zombie (D:7)
  A scorpion (D:7)
  4 killer bees (D:7)
  2 howler monkeys (D:6)
  2 hounds
  3 jellies
  An orc priest (D:8)
  2 human skeletons (D:7)
  2 sleepcaps
  Ijyb (D:5)
  An iguana (D:5)
  2 orc wizards (D:8)
  8 mummies (Ossuary)
  5 adders
  17 gnolls
  A white imp (D:5)
  An ufetubus (D:4)
  A dart slug (D:2)
  13 orcs
  8 ball pythons
  9 endoplasms
  2 giant cockroaches
  4 hobgoblins
  3 quokkas
  4 bats
  6 frilled lizards
  3 gnoll zombies (Ossuary)
  6 goblins
  2 kobolds (D:1)
  5 kobold zombies (Ossuary)
  An orc skeleton (D:7)
  3 rats
  A spectral orc (D:6)
161 creatures vanquished.

Notes
Turn   | Place    | Note
-------+----------+-------------------------------------------
     0 | D:1      | Babbit the Minotaur Fighter began the quest for the Orb.
     0 | D:1      | Reached XP level 1. HP: 19/19 MP: 0/0
    66 | D:1      | Found a faded altar of an unknown god.
   265 | D:1      | Reached XP level 2. HP: 27/27 MP: 1/1
   317 | D:1      | Reached skill level 4 in Armour
   686 | D:2      | Noticed an ogre
   691 | D:2      | Killed an ogre
   692 | D:2      | Reached XP level 3. HP: 6/34 MP: 2/2
   692 | D:2      | Reached XP level 4. HP: 7/41 MP: 3/3
  1222 | D:3      | Found a radiant altar of Vehumet.
  1222 | D:3      | Noticed a frost-covered statue
  1363 | D:3      | Found a shimmering altar of Xom.
  1426 | D:3      | Noticed Sigmund
  1427 | D:3      | Found a hide-covered altar of Uskayaw.
  1436 | D:3      | Killed Sigmund
  1437 | D:3      | Reached skill level 5 in Fighting
  1437 | D:3      | Reached skill level 5 in Axes
  1437 | D:3      | Reached XP level 5. HP: 34/48 MP: 4/4
  1437 | D:3      | Reached XP level 6. HP: 40/56 MP: 5/5
  1550 | D:3      | Reached skill level 5 in Armour
  1592 | D:3      | Found Meuch's Armour Emporium.
  2510 | D:5      | Entered Level 5 of the Dungeon
  2576 | D:5      | Reached skill level 5 in Shields
  2707 | D:5      | Noticed an ice beast
  2723 | D:5      | Killed an ice beast
  2724 | D:5      | Reached skill level 1 in Dodging
  2724 | D:5      | Reached XP level 7. HP: 11/61 MP: 6/6
  2945 | D:5      | Reached skill level 6 in Armour
  2985 | D:5      | Noticed Ijyb
  2991 | D:5      | Killed Ijyb
  3104 | D:5      | Identified the +0 leather armour of the Last Stars {Fly
                  | Int+4}
  3349 | D:5      | Reached XP level 8. HP: 70/70 MP: 7/7
  3635 | D:6      | Found a basalt altar of Yredelemnul.
  3653 | D:6      | Reached skill level 1 in Evocations
  3723 | D:6      | Found a sacrificial altar of Ru.
  3749 | D:6      | Became a worshipper of Ru the Awakened
  3811 | D:6      | Found a staircase to the Ecumenical Temple.
  3931 | D:6      | Found Ruyrybb's Serpentskin Sales.
  3935 | D:6      | Reached skill level 7 in Armour
  3942 | D:6      | Bought a +1 ring mail of poison resistance for 130 gold
                  | pieces
  4257 | D:6      | Found an iron altar of Okawaru.
  4396 | D:7      | Reached XP level 9. HP: 78/78 MP: 8/8
  4439 | D:7      | Found a sand-covered staircase.
  4490 | Ossuary  | Entered an ossuary
  4516 | Ossuary  | Reached skill level 1 in Maces & Flails
  5021 | D:7      | Reached skill level 8 in Armour
  5483 | D:8      | Reached skill level 5 in Dodging
  5498 | D:8      | Noticed Pikel
  5809 | D:8      | Reached skill level 5 in Maces & Flails
  5822 | D:8      | Reached skill level 1 in Unarmed Combat
  6067 | D:8      | Killed Pikel
  6068 | D:8      | Reached XP level 10. HP: 68/86 MP: 9/9
  6199 | D:8      | Noticed Grum
  6221 | D:8      | Reached skill level 10 in Armour
  6221 | D:8      | Reached XP level 11. HP: 26/95 MP: 10/10
  6223 | D:8      | Slain by a wolf

Illustrated notes

Levels and vault maps discovered:
D:1:      mrwooster_arrival_statue, layout_loops_cross,
          dreamdust_ecumenical_altar_grove, nicolae_grassy_gnolls
D:2:      layout_basic
D:3:      layout_basic, vehumet_statue, nicolae_uskayaw_dance_hall,
          amcnicky_altar_gilded, serial_shops, nicolae_shop_rolling_square,
          serial_bayou_pond_d, uniq_sigmund
D:4:      layout_loops_cross
D:5:      layout_basic, chequers_serial_rivers_small_b, uniq_ijyb
D:6:      layout_basic, kennysheep_okawaru_gauntlet,
          yredelemnul_forgotten_temple_becter, hangedman_ru_absence,
          minmay_temple_entry_overgrown, guppyfry_shop_venom
D:7:      layout_basic, nicolae_ossuary_entry_catacombs, minivault_4, hex_tiny
D:8:      layout_gridville, old_standard_altar, grunt_temple_overflow_diamond,
          ebering_ghost_xom, onia_ninara_dug_in_and_dangerous, uniq_pikel,
          uniq_grum

Skill      XL: |  1  2  3  4  5  6  7  8  9 10 |
---------------+-------------------------------+-----
Fighting       | 4 5 6 7 8 |  8.7
Armour         | 4 5 6 7 8 10 | 10.1
Shields        | 4 5 6 7 8 |  8.8
Axes           | 3 5 6 7 8 |  8.5
Dodging        | 1 2 3 5 6 |  6.7
Evocations     | 1 2 3 |  3.5
Maces & Flails | 5 7 |  7.0
Unarmed Combat | 1 3 |  3.9
Throwing       | 3 |  3.0
Stealth        | |  0.6

Action                     |  1- 3 |  4- 6 |  7- 9 | 10-12 || total
---------------------------+-------+-------+-------+-------++-------
  Melee: War axe           |    38 |    77 |    56 |       ||   171
         Headbutt          |     4 |    13 |    41 |     1 ||    59
         Flail             |       |       |   168 |     7 ||   175
         Unarmed           |       |       |    51 |       ||    51
  Throw: Throwing net      |       |       |     1 |       ||     1
  Evoke: Wand              |       |     3 |    28 |     1 ||    32
    Use: Potion            |     1 |     2 |     6 |     1 ||    10
         Scroll            |       |     2 |     6 |       ||     8
 Armour: Scale mail        |    14 |    32 |    32 |       ||    78
         Ring mail         |       |       |    74 |     9 ||    83
         Skin              |       |       |     2 |       ||     2
  Dodge: Dodged            |    14 |    21 |   176 |    25 ||   236
  Block: Buckler           |     7 |     3 |       |       ||    10
         Kite shield       |       |    32 |   125 |    26 ||   183
